 Dungeon Crawl Stone Soup version 0.32-a0-666-ge8a88695a4 (webtiles) character file.

Game seed: 8363971613047886481

9790 jiveturtle the Cleaver (level 11, -18/99 HPs)
             Began as a Mountain Dwarf Berserker on Mar 10, 2024.
             Was an Elder of Trog.
             Demolished by a two-headed ogre
             ... wielding a +0 giant club
              (21 damage)
             ... on level 10 of the Dungeon.
             The game lasted 00:20:58 (9805 turns).

jiveturtle the Cleaver (Mountain Dwarf Berserker)   Turns: 9805, Time: 00:20:59

Health: -18/99     AC: 18    Str: 23    XL:     11   Next: 27%
Magic:  11/11      EV: 11    Int:  9    God:    Trog [****..]
Gold:   525        SH:  5    Dex:  9    Spells: 10/10 levels left

rFire   + . .        d - +0 war axe
rCold   + . .        E - +1 buckler {AC+3}
rNeg    . . .        N - +4 ring mail
rPois   .            w - +0 helmet
rElec   .            r - scarf {rC+ rF+}
rCorr   .            k - +0 pair of gloves
SInv    +            b - +0 pair of boots
Will    ++++.        (no amulet)
Stlth   +            f - ring of see invisible
HPRegen 1.36/turn    h - ring of willpower
MPRegen 0.12/turn

%: no passive effects
@: strong-willed, on berserk cooldown, regenerating, slowed, very slow
A: runic magic, artefact enchanting
a: Renounce Religion, Berserk, Trog's Hand, Brothers in Arms


You were on level 10 of the Dungeon.
You worshipped Trog.
Trog was greatly pleased with you.
You visited 1 branch of the dungeon, and saw 10 of its levels.

You collected 645 gold pieces.
You spent 120 gold pieces at shops.

Inventory:

Hand Weapons
 d - a +0 war axe (weapon)
 q - a +1 dagger of venom
 A - a +5 hand axe
Missiles
 p - 6 throwing nets (quivered)
 z - 5 curare-tipped darts
 D - 18 poisoned darts
 I - 5 darts of dispersal
Armour
 b - a +0 pair of boots (worn)
 k - a +0 pair of gloves (worn)
 r - a scarf of resistance (worn)
 w - a +0 helmet (worn)
 E - a +1 buckler of protection (worn)
 N - a +4 ring mail (worn)
Jewellery
 f - a ring of see invisible (left hand)
 h - a ring of willpower (right hand)
 x - a ring of resist corrosion
 y - a +6 ring of dexterity
Wands
 B - a wand of flame (27)
 F - a wand of polymorph (10)
 K - a wand of warping (3)
 L - a wand of mindburst (22)
Scrolls
 i - 6 scrolls of teleportation
 l - a scroll of blinking
 m - 2 scrolls of fear
 o - a scroll of brand weapon
 v - 3 scrolls of poison
 G - a scroll of fog
 H - a scroll of enchant armour
 J - a scroll of enchant weapon
 M - a scroll of immolation {unknown}
Potions
 a - a potion of resistance {unknown}
 c - a potion of brilliance {unknown}
 e - 2 potions of invisibility {unknown}
 g - 8 potions of curing
 j - a potion of lignification {unknown}
 n - a potion of degeneration {unknown}
 s - 2 potions of mutation {unknown}
 t - 2 potions of attraction {unknown}
 u - 3 potions of heal wounds
 C - a potion of haste {unknown}
 O - a potion of enlightenment {unknown}
 P - a potion of might {unknown}


   Skills:
 + Level 9.7 Fighting
 * Level 14.2 Axes
 - Level 10.4 Armour
 - Level 2.5 Dodging
 - Level 0.4 Stealth
 - Level 4.0 Shields
 + Level 1.1 Evocations


You had 10 spell levels left.
You didn't know any spells.
Your spell library was empty.

Dungeon Overview and Level Annotations

Branches:
Dungeon (10/15)            Temple (0/1) D:7            Lair (0/5) D:8
    Orc: D:9-12

Altars:
Dithmenos
Kikubaaqudgha
Nemelex Xobeh

Shops:
D:7 ?


Innate Abilities, Weirdness & Mutations

Your spellcasting is much less encumbered by armour.
You can use scrolls of enchantment on lesser artefacts.


Message History

The two-headed ogre hits you with a +0 dire flail.
Unknown command.
You barely miss the two-headed ogre.
The two-headed ogre is heavily wounded.
You block the two-headed ogre's attack. x2
Unknown command.
Throw: 6 darts (disperse)
Press: ? - help, Shift-Dir - straight line, f/p - two-headed ogre
Aim: a two-headed ogre, wielding a +0 giant club and a +0 dire flail (heavily wounded, fast, 72% to hit)
You throw a dart of dispersal.
The dart of dispersal closely misses the two-headed ogre.
A two-headed ogre comes into view.
It is wielding a +0 giant club and a +0 giant spiked club.
The two-headed ogre closely misses you.
The two-headed ogre hits you with a +0 dire flail.
Blink to where?
Press: ? - help, Dir - move target, p - two-headed ogre
As you read the scroll of blinking, it crumbles to dust.
Okay, then.
As you read the scroll of fear, it crumbles to dust.
You assume a fearsome visage.
The two-headed ogre easily resists.
The two-headed ogre closely misses you. The two-headed ogre barely misses you.
Okay, then.
Okay, then.
Your skin crawls.
You feel strong-willed.
The two-headed ogre hits you with a +0 giant club!
You block the two-headed ogre's attack.
The two-headed ogre hits you with a +0 giant club!
* * * LOW HITPOINT WARNING * * *
The two-headed ogre completely misses you.
You hit the two-headed ogre but do no damage.
The two-headed ogre is heavily wounded.
The two-headed ogre hits you with a +0 giant club!
* * * LOW HITPOINT WARNING * * *
The two-headed ogre hits you with a +0 dire flail.
* * * LOW HITPOINT WARNING * * *
The two-headed ogre hits you with a +0 giant club.
* * * LOW HITPOINT WARNING * * *
The two-headed ogre hits you with a +0 giant spiked club!!
You die...

#######..........#........# #
#..........#........# #
#..........#........# #
.....####.....###### # .####
#......#..........# #
.#....#......#.######...#
#######.#....#......'.# #...#
........#....'......#.# #...#
........# #..@...#.# #...#
........######.OO.#...# #...#
.................###..######...#
..........####..##(##..........#
###.......#....$.O.#...........#
# #.......#...#.##.##.#........#
# #.......#..#### .####.......#
# #.........## ##......#
###....<...## ##.....#


You could see 2 two-headed ogres.

Vanquished Creatures
  An ogre mage (D:10)
  Erica (D:10)
  A two-headed ogre (D:10)
  Pikel (D:8)
  Jeremiah (D:9)
  3 wraiths
  3 steam dragons
  12 yaks
  Grum (D:8)
  2 water moccasins (D:8)
  4 orc warriors (D:9)
  3 ice beasts
  2 black bears (D:8)
  A sky beast (D:7)
  2 wolves (D:8)
  A phantom (D:5)
  6 bullfrogs
  A kobold brigand (D:8)
  3 gnoll sergeants
  4 scorpions
  9 wights
  15 killer bees
  2 howler monkeys
  A hound (D:6)
  4 orc priests
  2 bombardier beetles
  2 gnoll boudas
  2 jellies
  3 sleepcaps
  Jessica (D:2)
  4 iguanas
  10 orc wizards
  19 gnolls
  9 adders
  A shadow imp (D:7)
  2 ufetubi (D:5)
  5 dart slugs
  21 orcs
  4 bats
  3 endoplasms
  2 giant cockroaches (D:4)
  2 goblins (D:1)
  5 hobgoblins
  6 jackals (D:2)
  11 kobolds
  3 quokkas
  9 ball pythons
  A frilled lizard (D:1)
  12 rats
223 creatures vanquished.

Vanquished Creatures (others)
  A howler monkey (D:10)
1 creature vanquished.

Grand Total: 224 creatures vanquished

Notes
Turn   | Place    | Note
-------+----------+-------------------------------------------
     0 | D:1      | jiveturtle the Mountain Dwarf Berserker began the quest for
                  | the Orb.
     0 | D:1      | Reached XP level 1. HP: 19/19 MP: 1/1
    54 | D:1      | Reached skill level 4 in Axes
   151 | D:1      | Reached XP level 2. HP: 18/26 MP: 2/2
   460 | D:1      | Reached XP level 3. HP: 31/31 MP: 3/3
   463 | D:1      | Reached ** piety under Trog
   604 | D:1      | Reached skill level 5 in Axes
  1468 | D:2      | Reached XP level 4. HP: 38/38 MP: 4/4
  1473 | D:2      | Found a shadowy altar of Dithmenos.
  1587 | D:2      | Noticed Jessica
  1592 | D:2      | Killed Jessica
  1702 | D:2      | Reached skill level 6 in Axes
  2059 | D:3      | Reached XP level 5. HP: 42/45 MP: 5/5
  3173 | D:4      | Reached XP level 6. HP: 18/51 MP: 6/6
  3176 | D:4      | Reached skill level 7 in Axes
  3453 | D:4      | Reached *** piety under Trog
  3827 | D:5      | Entered Level 5 of the Dungeon
  3827 | D:5      | Noticed an ice beast
  3842 | D:4      | Killed an ice beast
  3843 | D:4      | Reached skill level 8 in Axes
  3843 | D:4      | Reached XP level 7. HP: 49/57 MP: 7/7
  4368 | D:5      | Reached skill level 9 in Axes
  4814 | D:6      | Reached skill level 10 in Axes
  4814 | D:6      | Reached XP level 8. HP: 63/63 MP: 8/8
  4833 | D:6      | Reached skill level 5 in Armour
  5571 | D:6      | Identified the +1 sling "Kohutew" {freeze, rElec rC- rN+
                  | rCorr}
  5742 | D:7      | Reached skill level 11 in Axes
  5810 | D:7      | Found a staircase to the Ecumenical Temple.
  5833 | D:7      | Reached skill level 1 in Shields
  6191 | D:7      | Found Ompahiv's Magic Scroll Emporium.
  6197 | D:7      | Reached skill level 12 in Axes
  6204 | D:7      | Bought a scroll of enchant weapon for 120 gold pieces
  6304 | D:8      | Noticed Grum
  6316 | D:8      | Killed Grum
  6317 | D:8      | Reached XP level 9. HP: 70/70 MP: 9/9
  6514 | D:8      | Noticed Pikel
  6519 | D:8      | Killed Pikel
  6520 | D:8      | Reached skill level 13 in Axes
  6583 | D:8      | Found a sparkling altar of Nemelex Xobeh.
  6583 | D:8      | Found an ancient bone altar of Kikubaaqudgha.
  6815 | D:8      | Reached skill level 14 in Axes
  6909 | D:8      | Found a staircase to the Lair.
  7170 | D:8      | Reached XP level 10. HP: 78/80 MP: 10/10
  7526 | D:8      | Reached skill level 5 in Fighting
  7898 | D:9      | Reached **** piety under Trog
  8009 | D:9      | Noticed Jeremiah
  8158 | D:9      | Killed Jeremiah
  9222 | D:10     | Entered Level 10 of the Dungeon
  9297 | D:10     | Noticed Erica
  9316 | D:10     | Noticed a two-headed ogre
  9322 | D:10     | Killed Erica
  9323 | D:10     | Reached skill level 10 in Armour
  9329 | D:10     | Killed a two-headed ogre
  9330 | D:10     | Reached XP level 11. HP: 95/95 MP: 11/11
  9634 | D:10     | Reached skill level 1 in Evocations
  9775 | D:10     | Noticed an ogre mage
  9790 | D:10     | Killed an ogre mage
  9792 | D:10     | Noticed a two-headed ogre
  9801 | D:10     | Noticed a two-headed ogre
  9805 | D:10     | HP: 3/99 [two-headed ogre/+0 giant club (3)]
  9805 | D:10     | Demolished by a two-headed ogre

Illustrated notes

Levels and vault maps discovered:
D:1:      tarquinn_simple_flora_water_d, layout_basic
D:2:      layout_basic, basic_altar, cheibrodos_gnoll_hut, uniq_jessica
D:3:      layout_basic, serial_aquarium, aquarium_bridge_square
          [aquarium_subvault_bridge, aquarium_subvault_wall,
          aquarium_subvault_bridge, aquarium_subvault_window],
          aquarium_window_1, aquarium_window_1, aquarium_window_1,
          aquarium_window_corner, aquarium_view_2f, aquarium_view_2a,
          aquarium_balcony_double_4
D:4:      layout_rooms
D:5:      layout_basic
D:6:      layout_basic
D:7:      layout_basic, minmay_temple_entry_ruins, serial_shops,
          nicolae_shop_just_a_little_nook
D:8:      layout_cave_pods, gammafunk_temple_overflow_statue,
          due_lair_maze_entry_diamond, uniq_pikel, uniq_grum
D:9:      layout_basic, minmay_fractal_squares_5, uniq_jeremiah
D:10:     layout_irregular_city, minmay_misc_feat_nine_boxes,
          minmay_fractal_squares_gapless_7, uniq_erica

Skill      XL: |  1  2  3  4  5  6  7  8  9 10 11 |
---------------+----------------------------------+-----
Axes           | 4 5 6 8 10 12 14 | 14.2
Armour         | 3 4 6 7 10 | 10.4
Dodging        | 2 |  2.5
Shields        | 2 4 |  4.0
Fighting       | 4 8 9 |  9.7
Evocations     | 1 |  1.1
Stealth        | |  0.4

Action                     |  1- 3 |  4- 6 |  7- 9 | 10-12 || total
---------------------------+-------+-------+-------+-------++-------
  Melee: Hand axe          |    15 |       |    15 |       ||    30
         War axe           |    63 |   129 |   367 |   282 ||   841
  Throw: Dart              |       |       |       |     7 ||     7
 Invoke: Berserk           |     2 |     4 |     8 |     6 ||    20
         Trog's Hand       |       |     2 |     4 |     2 ||     8
  Evoke: Wand              |       |       |       |     2 ||     2
    Use: Scroll            |       |     5 |     4 |     3 ||    12
   Stab: Distracted        |       |     1 |       |       ||     1
 Armour: Animal skin       |    56 |       |       |       ||    56
         Leather armour    |     3 |    40 |       |       ||    43
         Ring mail         |       |    55 |    75 |   145 ||   275
         Chain mail        |       |       |   202 |       ||   202
  Dodge: Dodged            |    55 |    78 |   156 |   141 ||   430
  Block: Buckler           |       |       |    39 |    69 ||   108

Table legend: (Time is in decaauts)
 A = Elapsed time spent in this place.
 B = Non-inter-level travel time spent in this place.
 C = Inter-level travel time spent in this place.
 D = Time resting spent in this place.
 E = Time spent auto-exploring this place.
 F = Levels seen in this place.
 G = Mean time per level.
                   A        B        C        D        E       F      G
               +--------+--------+--------+--------+--------+-----+--------+
         Total |   9907 |   9743 |    164 |   2263 |   5606 |  10 |  990.7 |
       Dungeon |   9907 |   9743 |    164 |   2263 |   5606 |  10 |  990.7 |
               +--------+--------+--------+--------+--------+-----+--------+

Top non-repeatable levels by time:
     D:8: 1671 daAuts
     D:9: 1305 daAuts
     D:3: 1281 daAuts
     D:2: 1131 daAuts
     D:6: 985 daAuts
     D:1: 870 daAuts
     D:5: 825 daAuts
     D:4: 711 daAuts
    D:10: 586 daAuts
     D:7: 537 daAuts
